 Dungeon Crawl Stone Soup version 0.28-a0-1415-g7c84da036a (webtiles) character file.

Game seed: 16384799786251202578

64 snetch the Chiller (level 3, -13/14 HPs)
             Began as a Felid Ice Elementalist on Jan 7, 2022.
             Killed from afar by a kobold brigand (16 damage)
             ... with an iceblast
             ... on level 3 of the Dungeon.
             The game lasted 00:07:26 (2959 turns).

snetch the Chiller (Felid Ice Elementalist)         Turns: 2959, Time: 00:07:26

Health: -13/14     AC:  1    Str:  4    XL:     3   Next: 91%
Magic:  6/7        EV: 17    Int: 24    God:
Gold:   89         SH:  0    Dex: 16    Spells: 3/6 levels left
                                        Lives:  0   Deaths: 0

rFire   . . .      SeeInvis +   (weapon unavailable)
rCold   . . .      Faith    .   (shield unavailable)
rNeg    . . .      Spirit   .   (armour unavailable)
rPois   .          Reflect  .   (helmet unavailable)
rElec   .          Harm     .   (cloak unavailable)
rCorr   .          Rampage  .   (gloves unavailable)
Will    .....                   (boots unavailable)
Stlth   +++.......              (no amulet)
HPRegen 0.04/turn               a - +6 ring of intelligence
MPRegen 0.10/turn               (no ring)

@: quick
A: very small, claws 1, fangs 3, see invisible, speed 1, shaggy fur 1, stealthy
paws, no weapons or thrown items, no armour, multi-lived
a: no special abilities


You were on level 3 of the Dungeon.
You visited 1 branch of the dungeon, and saw 3 of its levels.

You collected 89 gold pieces.

Inventory:

Missiles
 b - 115 stones
 c - 16 arrows
Jewellery
 a - a +6 ring of intelligence (left paw)
Scrolls
 f - a scroll of blinking {unknown}
 g - a scroll of fear {unknown}
Potions
 d - a potion of degeneration {unknown}
 e - a potion of cancellation {unknown}


   Skills:
 + Level 3.1 Dodging
 + Level 4.0 Stealth
 + Level 0.5 Unarmed Combat
 + Level 2.3 Spellcasting
 + Level 0.3 Hexes
 + Level 4.2 Ice Magic


You had 3 spell levels left.
You knew the following spells:

 Your Spells              Type           Power      Damage    Failure   Level
a - Freeze                Ice            92%        1d10      1%          1
b - Ensorcelled Hibernat  Hex/Ice        26%        N/A       7%          2

Your spell library contained the following spells:

 Spells                   Type           Power      Damage    Failure   Level
 Frozen Ramparts          Ice            46%        1d6       6%          3
 Ozocubu's Armour         Ice            23%        N/A       6%          3
 Tukima's Dance           Hex            4%         N/A       30%         3
 Hailstorm                Conj/Ice       12%        3d5       43%         4
 Enfeeble                 Hex            2%         N/A       100%        7


Dungeon Overview and Level Annotations

Branches:
Dungeon (3/15)

Altars:
Nemelex Xobeh
Qazlal
Zin


Innate Abilities, Weirdness & Mutations

You have sharp claws.
You have razor-sharp teeth.
You have supernaturally acute eyesight. (SInv)
You cover ground quickly. (Speed+)
You are covered in fur. (AC +1)
Your paws help you pounce on unaware monsters.
You are incapable of wielding weapons or throwing items.
You cannot wear armour.
You gain extra lives every three experience levels.


Message History

You scratch the hobgoblin but do no damage.
The hobgoblin barely misses you.
You freeze the hobgoblin!
You kill the hobgoblin!
You freeze the kobold!
You kill the kobold!
Things that are here:
a +0 dagger; a hobgoblin corpse
There is a stormy altar of Qazlal here.
You sit before the altar of Qazlal.
Search for what [Enter for "."]? altar Magic restored.
There is a sparkling altar of Nemelex Xobeh here.
b - 115 stones (gained 23)
An ogre comes into view. It is wielding a +0 giant club.
Found a scroll labelled ECSIRE JOEDYO.
The ogre shouts!
You hear a shout!
Casting: Freeze (safe; 1% risk of failure)
Confirm with . or Enter, or press ? or * to list all spells.
Aiming: Ensorcelled Hibernation (safe; 7% risk of failure)
Press: ? - help, Shift-Dir - straight line, f - ogre
Aim: an ogre, wielding a +0 giant club (chance to affect: 47%)
The ogre looks drowsy...
A goblin comes into view. It is wielding a +0 dagger.
A kobold brigand comes into view.
It is wielding a +0 club, quivering poisoned darts and carrying a wand of iceblast (4).
The ogre shouts!
Press: ? - help, v - describe, . - travel A rock wall.
Unknown command.
The kobold brigand zaps a wand.
The mass of ice explodes!
The iceblast engulfs you!
Ouch! That really hurt!
* * * LOW HITPOINT WARNING * * *
The goblin shouts!
The kobold brigand throws a poisoned dart.
The poisoned dart closely misses you.
The kobold brigand zaps a wand.
The mass of ice explodes!
The iceblast engulfs you!
Ouch! That really hurt!
You die...

..##.....#.......#
...###...........#
................##
...#.....#..K....#
.................##
...##....._.......#
...##........g..O.#
...##.......8.._..#
................@##
....#......)....##
............_....#
.................#
..............#
..............#
..............#
####..........#
#..........#


You could see a kobold brigand, an ogre and a goblin.

Vanquished Creatures
  An adder (D:2)
  3 dart slugs
  9 bats
  2 endoplasms (D:1)
  2 giant cockroaches
  7 hobgoblins
  6 kobolds
  2 quokkas (D:1)
  5 ball pythons
  A frilled lizard (D:1)
  5 goblins
  4 rats
47 creatures vanquished.

Notes
Turn   | Place    | Note
-------+----------+-------------------------------------------
     0 | D:1      | snetch the Felid Ice Elementalist began the quest for the
                  | Orb.
     0 | D:1      | Reached XP level 1. HP: 7/7 MP: 4/4
   131 | D:1      | Reached XP level 2. HP: 11/11 MP: 0/6
  1026 | D:1      | Reached XP level 3. HP: 8/14 MP: 5/7
  1240 | D:1      | Learned a level 2 spell: Ensorcelled Hibernation
  2887 | D:3      | Found a stormy altar of Qazlal.
  2887 | D:3      | Found a sparkling altar of Nemelex Xobeh.
  2887 | D:3      | Found a glowing silver altar of Zin.
  2936 | D:3      | Noticed an ogre
  2938 | D:3      | Noticed a kobold brigand
  2959 | D:3      | Killed from afar by a kobold brigand

Illustrated notes

Levels and vault maps discovered:
D:1:      wheals_arrival_linesprint, layout_basic, minmay_misc_feat_ornament
D:2:      layout_basic
D:3:      layout_rooms, grunt_temple_overflow_open, serial_bayou_pond_e,
          minmay_liquid_box, guppyfry_early_lair_pool

Skill      XL: |  1  2  3 |
---------------+----------+-----
Dodging        | 3 |  3.1
Ice Magic      | 4 |  4.2
Stealth        | 3 4 |  4.0
Unarmed Combat | |  0.5
Spellcasting   | |  2.3
Hexes          | |  0.3

Action                   || total
-------------------------++-------
Melee: Unarmed           ||    55
       Bite              ||     8
       Punch             ||     1
 Cast: Freeze            ||    33
       Ensorcelled Hiber ||     8
 Stab: Sleeping          ||    19
Armor: Skin              ||     8
Dodge: Dodged            ||    74

Table legend: (Time is in decaauts)
 A = Elapsed time spent in this place.
 B = Non-inter-level travel time spent in this place.
 C = Inter-level travel time spent in this place.
 D = Time resting spent in this place.
 E = Time spent auto-exploring this place.
 F = Levels seen in this place.
 G = Mean time per level.
                   A        B        C        D        E       F      G
               +--------+--------+--------+--------+--------+-----+--------+
         Total |   2670 |   2539 |    131 |      0 |   2094 |   3 |  890.0 |
       Dungeon |   2670 |   2539 |    131 |      0 |   2094 |   3 |  890.0 |
               +--------+--------+--------+--------+--------+-----+--------+

Top non-repeatable levels by time:
     D:1: 1364 daAuts
     D:2: 1207 daAuts
     D:3: 98 daAuts
